 Dungeon Crawl Stone Soup version 0.31-a0-204-g7da18cac08 (webtiles) character file.

Game seed: 10530960081623176542

756 qw the Skirmisher (level 7, 0/40 HPs)
             Began as a Deep Elf Hunter on June 27, 2023.
             Succumbed to a kobold brigand's poison
             ... on level 6 of the Dungeon.
             The game lasted 00:01:27 (3223 turns).

qw the Skirmisher (Deep Elf Hunter)                 Turns: 3223, Time: 00:01:27

Health: 0/40       AC: 11    Str: 10    XL:     7   Next: 50%
Magic:  24/24      EV: 14    Int: 14    God:
Gold:   228        SH:  0    Dex: 22    Spells: 6/6 levels left

rFire   + . .        a - +0 orcbow
rCold   . . .        (shield currently unavailable)
rNeg    . . .        i - +5 leather armour "Yziubrun" {rPois Dex+4}
rPois   +            (no helmet)
rElec   .            (no cloak)
rCorr   .            k - +2 pair of gloves
SInv    +            (no boots)
Will    .....        m
                       - Hermit's Pendant {Faith Invo=14 Evo=0 MP+5}
Stlth   ++           f - ring of see invisible
HPRegen 0.26/turn    g - ring of protection from fire
MPRegen 0.19/turn

%: faith
@: lethally poisoned (0 -> -6), about to teleport
A: no striking features
a: no special abilities


You were on level 6 of the Dungeon.
You visited 2 branches of the dungeon, and saw 7 of its levels.

You collected 228 gold pieces.


   Skills:
 - Level 2.0 Fighting
 - Level 11.0 Ranged Weapons
 + Level 4.8 Dodging
 - Level 1.2 Stealth


You had 6 spell levels left.
You didn't know any spells.
Your spell library was empty.

Inventory:

Hand Weapons
 a - a +0 orcbow (weapon)
Armour
 i - the +5 leather armour "Yziubrun" (worn) {rPois Dex+4}
   (You found it on level 2 of the Dungeon)

   Dex:       It affects your dexterity (+4).
   rPois:     It protects you from poison.
 k - a +2 pair of gloves (worn)
Jewellery
 b - an amulet of the acrobat
 e - a ring of poison resistance
 f - a ring of see invisible (left hand)
 g - a ring of protection from fire (right hand)
 m - the Hermit's Pendant (around neck) {Faith Invo=14 Evo=0 MP+5}
   (You found it on level 5 of the Dungeon)

   [amulet of faith]

   Invo=14: It sets your Invocations skill to 14.
   Evo=0: It sets your Evocations skill to 0.
   It allows you to gain divine favour quickly.
   MP:        It affects your magic capacity (+5).
Scrolls
 c - 3 scrolls of teleportation
 h - 2 scrolls of identify
Potions
 d - a potion of enlightenment
 j - 3 potions of curing
 l - a potion of might

Dungeon Overview and Level Annotations

Branches:
Dungeon (6/15)             Temple (1/1) D:5

Altars:
Ashenzari
Elyvilon
Gozag
Kikubaaqudgha
Makhleb
Nemelex Xobeh
Qazlal
Ru
Sif Muna
Uskayaw
Vehumet
Wu Jian
The Shining One


Message History

You feel sick.
The kobold throws a stone.
The stone closely misses you.
A kobold comes into view. It is wielding a +0 dagger.
The kobold brigand throws a poisoned dart.
The poisoned dart hits you!
You are more poisoned.
You shoot an arrow.
The arrow barely misses the water moccasin.
You feel very sick. The water moccasin misses you.
The kobold throws a stone.
The stone misses you.
You shoot an arrow. The arrow hits the water moccasin.
The water moccasin is lightly wounded.
You feel very sick.
The water moccasin bites you but does no damage.
The kobold throws a stone.
The stone barely misses you.
The kobold brigand throws a poisoned dart.
The poisoned dart hits you!
You are more poisoned.
You shoot an arrow.
The arrow closely misses the water moccasin.
You feel very sick.
The water moccasin bites you but does no damage.
The water moccasin barely misses you.
You shoot an arrow. The arrow hits the kobold brigand!
You kill the kobold brigand!
You feel very sick. The water moccasin bites you!
You shoot an arrow.
The arrow hits the water moccasin but does no damage.
The water moccasin is lightly wounded.
You feel very sick.
The water moccasin bites you but does no damage.
The water moccasin closely misses you.
You shoot an arrow.
The arrow closely misses the water moccasin.
You feel very sick. The water moccasin bites you!
The kobold completely misses you.
3223 ||| READING 4 scrolls of teleportation.
As you read the scroll of teleportation, it crumbles to dust.
You feel strangely unstable.
You die...

#.............##'#########
#########................
.... #................
..... #................
....< #................
......#................
.....$###+#####'#######
................%..(...
....K.K@S..............
......K................
...)...................
......####'##..........
..)... ...##.....#####
......+.:..##.....# .....
#.....#....... .....
#.....+....... ##...#
.......


You could see a water moccasin and 3 kobolds.

Vanquished Creatures
  A black bear (D:6)
  A centaur (D:5)
  A phantom (D:5)
  A kobold brigand (D:6)
  A scorpion (D:3)
  An orc priest (D:4)
  2 hounds
  A sleepcap (D:5)
  2 iguanas
  6 adders
  3 gnolls (D:4)
  2 white imps (D:5)
  3 ufetubi
  A worm (D:2)
  A dart slug (D:1)
  15 orcs
  7 ball pythons
  8 endoplasms
  A giant cockroach (D:1)
  5 goblins
  4 hobgoblins
  7 jackals
  5 quokkas
  7 bats
  5 frilled lizards
  6 kobolds
  2 rats
99 creatures vanquished.

Notes
Turn   | Place    | Note
-------+----------+-------------------------------------------
     0 | D:1      | qw the Deep Elf Hunter began the quest for the Orb.
     0 | D:1      | Reached XP level 1. HP: 12/12 MP: 3/3
     0 | D:1      | 0 ||| qw: Version: 0.3-a-22-g0ed2b0b
     0 | D:1      | 0 ||| qw: Game counter: 6481
     0 | D:1      | 0 ||| qw: Melee chars always use a shield: true
     0 | D:1      | 0 ||| qw: God list: Okawaru
     0 | D:1      | 0 ||| qw: Allow faded altars: false
     0 | D:1      | 0 ||| qw: Do Orc after clearing Dungeon:15 true
     0 | D:1      | 0 ||| qw: Do second Lair branch before Depths: true
     0 | D:1      | 0 ||| qw: Lair rune preference: random
     0 | D:1      | 0 ||| qw: Goals: Normal
     0 | D:1      | 0 ||| PLANNING D:1-11
    63 | D:1      | Reached skill level 6 in Ranged Weapons
    63 | D:1      | Reached XP level 2. HP: 16/16 MP: 4/4
    70 | D:1      | 70 ||| FLEEEEING.
    71 | D:1      | 71 ||| FLEEEEING.
   246 | D:1      | Found a faded altar of an unknown god.
   507 | D:1      | Reached XP level 3. HP: 20/20 MP: 5/5
   575 | D:1      | 575 ||| UPGRADING to ring of see invisible.
   576 | D:1      | 576 ||| UPGRADING to ring of protection from fire.
   577 | D:1      | 577 ||| READING scroll labelled EREUPH FOIKOQ.
   578 | D:1      | 578 ||| READING scroll labelled CEMALU YTTOLA.
   579 | D:1      | 579 ||| READING 3 scrolls labelled EJEFAU AQ GUOF.
   580 | D:1      | 580 ||| READING scroll labelled KIOTRADIJEUR.
   581 | D:1      | 581 ||| READING 2 scrolls of identify.
   581 | D:1      | 581 ||| IDENTIFYING bubbling inky potion
   582 | D:1      | 582 ||| DROPPING scroll of butterflies.
   679 | D:2      | Reached skill level 7 in Ranged Weapons
   776 | D:2      | Identified the +5 leather armour "Yziubrun" {rPois Dex+4}
  1248 | D:2      | 1248 ||| UPGRADING to +0 ring mail.
  1258 | D:2      | 1258 ||| DROPPING +0 leather armour.
  1259 | D:2      | 1259 ||| UPGRADING to +5 leather armour "Yziubrun" {rPois
                  | Dex+4}.
  1269 | D:2      | 1269 ||| DROPPING +0 ring mail.
  1270 | D:2      | 1270 ||| READING scroll labelled QIHADU GEL DUN.
  1271 | D:2      | 1271 ||| READING scroll labelled ZEBUOR OSTRISTE.
  1272 | D:2      | 1272 ||| READING scroll labelled TETYKU IGGEIB.
  1273 | D:2      | 1273 ||| READING scroll labelled VOMMET TOZ IMO.
  1274 | D:2      | 1274 ||| READING scroll labelled NENTEFFUESI.
  1275 | D:2      | 1275 ||| READING scroll labelled XAULER BANN.
  1289 | D:3      | Reached XP level 4. HP: 25/25 MP: 6/6
  1488 | D:3      | Reached skill level 3 in Dodging
  1597 | D:3      | 1597 ||| READING scroll labelled RICUOSY TAYMUDD.
  1785 | D:3      | 1785 ||| READING scroll labelled ZOVUTA JEFATYL.
  1807 | D:4      | Noticed a scorpion
  1812 | D:4      | 1812 ||| STAIRDANCE
  1823 | D:3      | Killed a scorpion
  1824 | D:3      | Reached skill level 8 in Ranged Weapons
  1824 | D:3      | Reached XP level 5. HP: 20/29 MP: 7/7
  1878 | D:4      | Reached skill level 9 in Ranged Weapons
  2136 | D:4      | Reached XP level 6. HP: 35/35 MP: 8/8
  2250 | D:4      | 2250 ||| UPGRADING to amulet of the acrobat.
  2255 | D:4      | 2255 ||| READING scroll labelled FAGAOQ LUETZE.
  2256 | D:4      | 2256 ||| READING 2 scrolls of identify.
  2256 | D:4      | 2256 ||| IDENTIFYING fuming cyan potion
  2268 | D:5      | Entered Level 5 of the Dungeon
  2312 | D:5      | Found a staircase to the Ecumenical Temple.
  2313 | D:5      | 2313 ||| PLANNING TEMPLE
  2316 | D:5      | 2316 ||| UPGRADING to +0 pair of gloves.
  2321 | D:5      | 2321 ||| READING scroll of enchant armour.
  2321 | D:5      | 2321 ||| ENCHANTING +0 pair of gloves.
  2340 | Temple   | Entered the Ecumenical Temple
  2491 | Temple   | 2491 ||| PLANNING D:1-11
  2740 | D:5      | Found a sacrificial altar of Ru.
  2769 | D:5      | Reached skill level 10 in Ranged Weapons
  2769 | D:5      | Reached XP level 7. HP: 38/40 MP: 9/9
  2794 | D:5      | 2794 ||| SWAPPING to +0 orcbow.
  2795 | D:5      | 2795 ||| DROPPING +0 shortbow of draining.
  2810 | D:5      | Found the Hermit's Pendant {Faith Invo=14 Evo=0 MP+5}
  2897 | D:5      | 2897 ||| READING scroll of enchant armour.
  2897 | D:5      | 2897 ||| ENCHANTING +1 pair of gloves.
  2953 | D:5      | 2953 ||| UPGRADING to Hermit's Pendant {Faith Invo=14 Evo=0
                  | MP+5}.
  3042 | D:5      | 3042 ||| READING 2 scrolls of identify.
  3042 | D:5      | 3042 ||| IDENTIFYING amethyst potion
  3078 | D:6      | 3078 ||| STAIRDANCE
  3080 | D:6      | 3080 ||| STAIRDANCE
  3189 | D:6      | Reached skill level 11 in Ranged Weapons
  3222 | D:6      | HP: 9/40 [poisoned by a kobold brigand]
  3222 | D:6      | HP: 1/40 [water moccasin (8)]
  3223 | D:6      | 3223 ||| READING 4 scrolls of teleportation.
  3223 | D:6      | Succumbed to a kobold brigand's poison

Levels and vault maps discovered:
D:1:      dpeg_arrival_tiny_a, layout_loops_ring, ebering_ecumenical_altar_webs
D:2:      layout_loops_cross, grunt_decor_arrowhead, minmay_tiny_reverse_x
D:3:      layout_loops_ring, kennysheep_crisscross
D:4:      layout_rooms, minmay_misc_feat_room, chequers_garden, hex_intersection
D:5:      layout_basic, amcnicky_altar_gilded, minmay_temple_entry_statues
D:6:      layout_gridville, worldfamousw_hep_ancestral_shrine, zin_treasury
Temple:   nicolae_temple_bog_church

Skill      XL: |  1  2  3  4  5  6  7 |
---------------+----------------------+-----
Ranged Weapons | 6 7 8 9 10 11 | 11.0
Dodging        | 3 4 |  4.8
Fighting       | 2 |  2.0
Stealth        | |  1.2

Action                     |  1- 3 |  4- 6 |  7- 9 || total
---------------------------+-------+-------+-------++-------
   Fire: Shortbow          |    92 |   162 |       ||   254
         Orcbow            |       |       |    42 ||    42
    Use: Scroll            |    11 |     5 |     3 ||    19
 Armour: Leather armour    |     5 |    24 |     8 ||    37
  Dodge: Dodged            |    10 |    48 |    16 ||    74

Table legend:
 A = Non-vault XP
 B = Vault XP
 C = Vault XP percentage of total XP
 D = Non-vault monster count
 E = Vault monster count
 F = Vault count percentage of total count
                 A         B        C        D         E       F
            +---------+---------+-------+---------+---------+-------
      Total |    1079 |       2 |   0.2 |      97 |       2 |   2.0
            +---------+---------+-------+---------+---------+-------
        D:1 |      42 |       0 |   0.0 |      24 |       0 |   0.0
        D:2 |      52 |       2 |   3.7 |      15 |       2 |  11.8
        D:3 |     146 |       0 |   0.0 |      21 |       0 |   0.0
        D:4 |     178 |       0 |   0.0 |      21 |       0 |   0.0
        D:5 |     383 |       0 |   0.0 |      10 |       0 |   0.0
        D:6 |     278 |       0 |   0.0 |       6 |       0 |   0.0
            +---------+---------+-------+---------+---------+-------
